 Dungeon Crawl Stone Soup version 0.30.1-4-g462c640d31 (webtiles) character file.

Game seed: 18092779066898986101

135 jtron the Caller (level 5, -3/28 HPs)
             Began as a Tengu Summoner on Aug 11, 2023.
             Slain by an orc warrior
             ... wielding a +0 dire flail
              (11 damage)
             ... on level 3 of the Dungeon.
             The game lasted 00:08:42 (2963 turns).

jtron the Caller (Tengu Summoner)                   Turns: 2963, Time: 00:08:42

Health: -3/28      AC:  4    Str:  9    XL:     5   Next: 18%
Magic:  1/10       EV: 15    Int: 21    God:
Gold:   197        SH:  0    Dex: 16    Spells: 6/10 levels left

rFire   . . .        k - +1 rapier (flame)
rCold   . . .        (no shield)
rNeg    . . .        a - +0 robe
rPois   .            (helmet restricted)
rElec   .            f - +1 cloak
rCorr   .            (no gloves)
SInv    .            (boots unavailable)
Will    .....        (no amulet)
Stlth   ++           d - +6 ring of intelligence
HPRegen 0.24/turn    (no ring)
MPRegen 0.12/turn

%: no passive effects
@: flying quickly and evasively, quick
A: beak, talons 3, nimble flight
a: no special abilities


You were on level 3 of the Dungeon.
You visited 1 branch of the dungeon, and saw 3 of its levels.

You collected 197 gold pieces.

Inventory:

Hand Weapons
 e - a +0 club
 h - a +0 dagger
 k - a +1 rapier of flaming (weapon)
Missiles
 g - 4 poisoned darts
Armour
 a - a +0 robe (worn)
 f - a +1 cloak (worn)
 i - the orb "Voff" {guile, rC+ SInv}
   (You found it on level 3 of the Dungeon)

   rC:        It protects you from cold.
   SInv:      It lets you see invisible.
Jewellery
 d - a +6 ring of intelligence (left hand)
Scrolls
 c - a scroll of brand weapon
Potions
 b - a potion of magic


   Skills:
 + Level 0.6 Fighting
 + Level 1.0 Short Blades
 + Level 0.5 Maces & Flails
 + Level 2.7 Dodging
 + Level 2.3 Stealth
 + Level 3.1 Spellcasting
 + Level 6.0 Summonings


You had 6 spell levels left.
You knew the following spells:

 Your Spells              Type           Power      Damage    Failure   Level
a - Summon Small Mammal   Summ           100%       N/A       1%          1
b - Call Canine Familiar  Summ           28%        N/A       3%          3

Your spell library contained the following spells:

 Spells                   Type           Power      Damage    Failure   Level
 Call Imp                 Summ           56%        N/A       1%          2
 Summon Guardian Golem    Hex/Summ       16%        N/A       12%         3
 Ozocubu's Armour         Ice            3%         N/A       36%         3
 Summon Lightning Spire   Summ/Air       16%        N/A       36%         4
 Metabolic Englaciation   Hex/Ice        1%         N/A       98%         5
 Simulacrum               Ice/Necr       1%         N/A       100%        6


Dungeon Overview and Level Annotations

Branches:
Dungeon (3/15)

Altars:
Fedhas


Innate Abilities, Weirdness & Mutations

You have a beak for a mouth.
You have claws for feet.
Your magical nature lets you fly swiftly and evasively.


Message History

You swap places.
Your bat barely misses the orc warrior.
Your hound closely misses the orc warrior.
The orc warrior closely misses you.
Your quokka misses the orc warrior.
Your bat hits the orc warrior but does no damage.
You closely miss the orc warrior.
You claw the orc warrior, but do no damage.
The orc warrior is moderately wounded.
Your bat closely misses the orc warrior.
Your hound bites the orc warrior but does no damage.
Your bat hits the orc warrior but does no damage.
The orc wizard casts a spell.
The orc wizard flickers and vanishes!
Deactivating autopickup; reactivate with Ctrl-A.
The orc warrior closely misses you.
Your quokka barely misses the orc warrior.
Your hound barely misses the orc warrior.
You hit the orc warrior. You burn the orc warrior.
Your kick misses the orc warrior.
You peck the orc warrior, but do no damage.
The orc warrior is moderately wounded.
Your bat hits the orc warrior but does no damage.
Your hound closely misses the orc warrior.
Something hits your hound. The orc warrior closely misses you.
Your quokka closely misses the orc warrior.
Your hound barely misses something.
You hear some strange, mumbled words.
Your hound resists with significant effort.
The orc warrior closely misses you.
Your quokka bites the orc warrior but does no damage.
You closely miss the orc warrior.
You peck the orc warrior, but do no damage.
The orc warrior is moderately wounded.
Your bat barely misses the orc warrior.
Your bat closely misses the orc warrior.
Your hound bites something.
An adder comes into view.
Your quokka bites the orc warrior but does no damage.
Your bat barely misses the orc warrior.
Something closely misses your hound.
The orc warrior hits you with a +0 dire flail!
You die...

. ... . ..# ..# .
#.. ..##.# .##..# #
#)##.# ..... #.#
#.##.#### ##### ..
##.##.##.# #...#
#.##.####...#.##.#
#.<.#
#.....@rb)....##.#
#...#
S.....##o#)).#.##.#
#._.# #####
#h##.##.##.# #...#
#{##ยง..#h#.# #####
#o....###..# #
.....
######.#.########
.#### #..h....... .
#.#######.. #.# ##.


You could see an orc warrior (ally target), an adder (wandering), an orc, a
friendly hound (summoned), a friendly quokka (summoned) and a friendly bat
(summoned).

Vanquished Creatures
  3 adders
  An orc (D:3)
  4 ball pythons
  2 endoplasms
  2 giant cockroaches (D:2)
  6 goblins
  4 hobgoblins
  3 jackals
  4 kobolds
  2 quokkas (D:2)
  4 bats
  2 frilled lizards (D:2)
  3 rats
40 creatures vanquished.

Vanquished Creatures (collateral kills)
  Robin (D:2)
  A dart slug (D:1)
  4 orcs (D:3)
  3 endoplasms (D:1)
  2 giant cockroaches (D:1)
  11 goblins
  7 hobgoblins
  5 jackals
  A kobold (D:2)
  A ball python (D:3)
  A bat (D:1)
  2 frilled lizards
39 creatures vanquished.

Grand Total: 79 creatures vanquished

Notes
Turn   | Place    | Note
-------+----------+-------------------------------------------
     0 | D:1      | jtron the Tengu Summoner began the quest for the Orb.
     0 | D:1      | Reached XP level 1. HP: 10/10 MP: 4/4
   190 | D:1      | Reached skill level 5 in Summonings
   309 | D:1      | Reached XP level 2. HP: 15/15 MP: 3/6
   789 | D:1      | Reached XP level 3. HP: 18/19 MP: 7/7
  1156 | D:1      | Learned a level 3 spell: Call Canine Familiar
  1386 | D:2      | Identified the +6 mace "Gyguir" {venom, rC+}
  1508 | D:2      | Noticed Robin
  1515 | D:2      | Reached XP level 4. HP: 23/24 MP: 3/9
  1519 | D:2      | Killed Robin
  2611 | D:3      | Found a faded altar of an unknown god.
  2685 | D:3      | Reached skill level 1 in Short Blades
  2685 | D:3      | Reached skill level 6 in Summonings
  2685 | D:3      | Gained mutation: Your magical nature lets you fly swiftly
                  | and evasively. [Tengu growth]
  2685 | D:3      | Reached XP level 5. HP: 28/28 MP: 4/10
  2832 | D:3      | Identified the orb "Voff" {guile, rC+ SInv}
  2850 | D:3      | Found a blossoming altar of Fedhas.
  2916 | D:3      | Noticed an orc warrior
  2963 | D:3      | Slain by an orc warrior

Illustrated notes

Levels and vault maps discovered:
D:1:      sevenhm_arrival_forest_fort_small_3, layout_loops_corners,
          chequers_avenue, dreamdust_wishing_well
D:2:      layout_basic, serial_co_window_serial, co_window_paths_a,
          co_window_corner_a, co_window_paths_a, co_window_of_opportunity_a,
          co_window_paths_a, co_window_unsneaky_path_a,
          co_window_of_opportunity_c, co_window_cross_3, co_window_2corner,
          co_window_corner_ca, co_window_corner_ca, co_window_corner_ca,
          co_window_4corner_a, uniq_robin
D:3:      layout_loops_ring, fedhas_altar_2, mainiacjoe_overflow_divided_tiny,
          nicolae_ecumenical_oubliette, kennysheep_generic_room_12, uniq_sigmund

Skill      XL: |  1  2  3  4 |
---------------+-------------+-----
Summonings     | 5 6 |  6.0
Spellcasting   | 3 |  3.1
Short Blades   | 1 |  1.0
Fighting       | |  0.6
Maces & Flails | |  0.5
Dodging        | |  2.7
Stealth        | |  2.3

Action                     |  1- 3 |  4- 6 || total
---------------------------+-------+-------++-------
  Melee: Club              |    14 |       ||    14
         Kick              |    13 |    13 ||    26
         Dagger            |    10 |       ||    10
         Peck              |     6 |     6 ||    12
         Unarmed           |     2 |       ||     2
         Rapier            |    25 |    51 ||    76
         Punch             |       |     1 ||     1
   Cast: Summon Small Mamm |    44 |    14 ||    58
         Call Canine Famil |     2 |     5 ||     7
    Use: Scroll            |       |     6 ||     6
   Stab: Distracted        |     1 |       ||     1
         Sleeping          |     2 |     2 ||     4
 Armour: Robe              |    19 |    10 ||    29
  Dodge: Dodged            |    54 |    54 ||   108
